 Dungeon Crawl Stone Soup version 0.24-a0-249-g2af7e83 (webtiles) character file.

Game seed: 5494036497953935828

43600 Borgoz the Slicer (level 14, -4/88 HPs)
             Began as a Kobold Gladiator on Apr 13, 2019.
             Was a Priest of Ashenzari.
             Killed from afar by an oklob plant (15 damage)
             ... with a splash of acid
             ... on level 2 of the Lair of Beasts on Apr 14, 2019.
             The game lasted 00:59:02 (20427 turns).

Borgoz the Slicer (Kobold Gladiator)               Turns: 20427, Time: 00:59:03

Health: -4/88      AC: -1    Str: 18    XL:     14   Next: 61%
Magic:  0/23       EV: 22    Int: 10    God:    Ashenzari [***...]
Gold:   821        SH:  0    Dex: 16    Spells: 21/25 levels left

rFire    + . .     SeeInvis +   a - +3 short sword
rCold    . . .     Gourm    .   (shield restricted)
rNeg     . . .     Faith    .   B - +1 ring mail of Atheism {rF+}
rPois    +         Spirit   +   x - +2 hat
rElec    .         Reflect  .   A - scarf {Spirit}
rCorr    .         Harm     .   (no gloves)
MR       +....                  y - +1 pair of boots {run}
Stlth    +++++.....             k - amulet of regeneration
HPRegen  0.64/turn              j - ring of poison resistance
MPRegen  0.18/turn              C - ring of stealth

@: corroded, lightly drained, quick
A: small, talons 1, carnivore, deformed body, strong 1, evolution 1
a: Curse Item, Scrying, Renounce Religion


You were on level 2 of the Lair of Beasts.
You worshipped Ashenzari.
Ashenzari was most pleased with you.
You were completely stuffed.

You visited 3 branches of the dungeon, and saw 18 of its levels.
You also visited: Bailey.

You collected 1610 gold pieces.
You spent 789 gold pieces at shops.

Inventory:

Hand Weapons
 a - a +3 short sword (weapon)
 b - a +1 dagger of venom
 I - a +3 short sword
Armour
 e - the cursed +1 ring mail "Xahics" {rCorr}
   (You bought it in a shop on level 4 of the Dungeon)

   It provides partial protection from all sources of acid and corrosion.
   It has a curse placed upon it.
 o - the +0 ring mail "Oggeiv" {Dex+4}
   (You found it on level 4 of the Dungeon)

   It affects your dexterity (+4).
 x - a +2 hat (worn)
 y - a +1 pair of boots of running (worn)
 A - a scarf of spirit shield (worn)
 B - the +1 ring mail of Atheism (worn) {rF+}
   (You found it on level 12 of the Dungeon)

   It protects you from fire.
Jewellery
 j - a ring of poison resistance (left hand)
 k - an amulet of regeneration (around neck)
 C - a ring of stealth (right hand)
Wands
 c - a wand of disintegration (5)
 d - a wand of paralysis (5)
 l - a wand of digging (4)
 u - a wand of iceblast (14)
 J - a wand of acid (4)
Scrolls
 h - 5 scrolls of identify
 p - 2 scrolls of enchant armour
 q - 9 scrolls of remove curse
 r - 3 scrolls of magic mapping
 t - 6 scrolls of enchant weapon
 w - 2 scrolls of blinking
 D - 2 scrolls of teleportation
Potions
 i - 5 potions of lignification
 m - 3 potions of resistance
 F - a potion of haste
 G - 2 potions of flight
 K - a potion of agility
Comestibles
 f - 33 rations
 g - a chunk of flesh


   Skills:
 + Level 10.7(10.5) Fighting
 + Level 12.9(12.6) Short Blades
 - Level 2.1(1.9) Throwing
 * Level 11.5(11.2) Armour
 + Level 12.0(11.7) Dodging
 - Level 10.0(9.7) Stealth
 - Level 6.3(6.1) Spellcasting
 + Level 4.0(3.8) Hexes
 - Level 6.1(5.9) Evocations


You had 21 spell levels left.
You knew the following spells:

 Your Spells              Type           Power        Failure   Level  Hunger
a - Confusing Touch       Hex            ##....       7%          1    None
b - Confuse               Hex            ##......     21%         3    ###....

Your spell library contained the following spells:

 Spells                   Type           Power        Failure   Level  Hunger
 Gell's Gravitas          Tloc           #.........   67%         3    ###....
 Petrify                  Tmut/Erth      #.......     97%         4    ####...
 Metabolic Englaciation   Hex/Ice        #.........   99%         5    ######.
 Yara's Violent Unravell  Hex/Tmut       #.........   99%         5    ######.


Dungeon Overview and Level Annotations

Branches:
Dungeon (15/15)            Temple (1/1) D:6            Lair (2/6) D:9
 Spider (0/4) Lair:2          Orc (0/2) D:11         Vaults (0/5) D:14
  Swamp: Lair:2-4    Shoals: Lair:2-4    Depths: D:15

Altars:
Ashenzari
Cheibriados
Dithmenos
Elyvilon
Fedhas
Gozag
Hepliaklqana
Kikubaaqudgha
Makhleb
Nemelex Xobeh
Okawaru
Qazlal
Ru
Sif Muna
Trog
Uskayaw
Vehumet
Wu Jian
Xom
Yredelemnul
Zin
The Shining One

Shops:
D:4 [(*=   D:14 :

Portals:
Trove: D:11 (give 15 scrolls of teleportation)

Annotations:
Lair:2 2 runed translucent doors, exclusion: oklob plant, Viakk's ghost, journeyman DENe


Innate Abilities, Weirdness & Mutations

You are small and have problems with some larger weapons.
You are carnivorous and can eat meat at any time.
You have sharp toenails.
Armour fits poorly on your strangely shaped body.
Your muscles are strong. (Str +2)
You evolve.


Message History

The bush is moderately damaged.
You puncture the bush!
The bush is moderately damaged.
You hit the bush.
The bush is moderately damaged.
The oklob plant spits acid at you. The splash of acid hits you.
The acid corrodes you!
You are splashed with acid!
* * * LOW HITPOINT WARNING * * *
You hit the bush but do no damage.
The bush is moderately damaged.
You hit the bush but do no damage.
The bush is moderately damaged.
The oklob plant spits acid at you. The splash of acid hits you!
* * * LOW HITPOINT WARNING * * *
The acid corrodes you!
You are splashed with acid!
* * * LOW HITPOINT WARNING * * *
The oklob plant spits acid at you. The splash of acid hits you!!
You die...

+W#≈≈##..........................
+...)≈#...............P..........
#$⌠.≈##..#.#PP...#...............
#≈.#{##..####...............P####
##..###..## #...............##
##### #...####.............P#
....#*#....###%.......$.....#
.....###....#...............#
................@#.........###
....###...###....#.....#.....###
....# #...# #..!.............#.##
....####..##..PPP.....#.≈≈≈.....#
....P#.#÷.##.(PPP[....#.≈≈≈.....#
...........#..PPP.......≈≈≈......
......................#.≈≈≈.###..
..................#...P.≈≈≈..###.
....#P#.....##...##.....≈≈≈.P##..


You could see an oklob plant.

Vanquished Creatures
  Roxanne (D:14)
  A storm dragon (D:11)
  A vault guard (D:14)
  An ogre mage (D:15)
  Erolcha (D:9)
  A hydra (D:13)
  8 two-headed ogres
  2 centaur warriors
  A tengu warrior (D:14)
  A deep elf knight (D:14)
  A flayed ghost (D:11)
  An orc knight (D:14)
  Pikel (D:5)
  A wolf spider (D:11)
  5 cyclopes
  8 ugly things
  Joseph (D:9)
  A black mamba (Lair:2)
  Psyche (D:9)
  2 gargoyles
  2 spiny frogs (Lair:1)
  4 komodo dragons
  A troll (D:14)
  A polar bear (Lair:1)
  A tengu conjurer (D:14)
  A jumping spider (Lair:2)
  A hornet (D:8)
  3 slime creatures (D:12)
  3 hippogriffs
  A meliai zombie (D:13)
  A spriggan (D:7)
  2 wraiths
  A redback (Lair:2)
  2 shadows
  3 wyverns
  A fire elemental (Lair:1)
  19 yaks
  A steam dragon (D:12)
  Grum (D:11)
  A hungry ghost (D:10)
  Menkaure (D:4)
  A soldier ant (D:12)
  5 water moccasins
  3 sky beasts
  6 porcupines (Lair:2)
  20 orc warriors
  3 ice beasts
  A hornet zombie (D:7)
  2 ogres
  2 black bears
  A necrophage (D:12)
  An eye of draining (D:12)
  5 phantoms
  4 wolves
  4 boggarts
  26 centaurs
  5 crocodiles
  4 big kobolds
  9 bullfrogs
  Blork the orc (D:4)
  A spectral water moccasin (D:9)
  A wyvern skeleton (D:7)
  6 scorpions
  11 killer bees (D:7)
  A water moccasin skeleton (D:7)
  21 wights
  An electric eel (Lair:2)
  A howler monkey (D:7)
  8 crimson imps
  2 quasits (D:10)
  4 bullfrog skeletons
  11 hounds
  2 jellies (D:12)
  A bullfrog zombie (D:7)
  4 centaur skeletons
  22 orc priests
  12 orc wizards
  Ijyb (D:5)
  3 iguanas
  9 worker ants
  A killer bee zombie (D:5)
  3 hound skeletons
  2 worker ant zombies
  2 howler monkey skeletons
  12 adders
  7 shadow imps
  3 oozes (D:3)
  An adder zombie (D:9)
  4 adder skeletons
  2 worms
  A dart slug (D:1)
  4 leopard geckos
  87 orcs
  7 giant cockroaches
  11 hobgoblins
  9 jackals
  21 kobolds
  6 quokkas
  A ball python (D:6)
  9 bats
  7 frilled lizards
  5 goblins
  A quokka zombie (D:9)
  4 rats
526 creatures vanquished.

Vanquished Creatures (others)
  A water moccasin (Lair:1)
  A wolf (D:11)
  A crimson imp (D:5)
  An orc wizard (D:7)
  An adder (D:5)
  An adder skeleton (D:5)
  A leopard gecko (D:5)
  2 orcs (D:5)
  A giant cockroach zombie (D:5)
  A fungus (Lair:1)
  A plant (D:9)
12 creatures vanquished.

Grand Total: 538 creatures vanquished

Notes
Turn   | Place    | Note
-------+----------+-------------------------------------------
     0 | D:1      | Borgoz the Kobold Gladiator began the quest for the Orb.
     0 | D:1      | Reached XP level 1. HP: 12/12 MP: 1/1
   184 | D:1      | Reached skill level 1 in Stealth
   184 | D:1      | Reached XP level 2. HP: 10/17 MP: 2/2
   862 | D:2      | Reached skill level 1 in Armour
   865 | D:2      | Reached XP level 3. HP: 20/22 MP: 3/3
  1496 | D:3      | Reached XP level 4. HP: 23/27 MP: 5/5
  1564 | D:3      | Reached skill level 1 in Spellcasting
  1626 | D:3      | Reached XP level 5. HP: 32/32 MP: 6/6
  1641 | D:3      | Found a faded altar of an unknown god.
  1830 | D:3      | Found a bloodstained altar of Trog.
  2135 | D:4      | Reached XP level 6. HP: 19/37 MP: 8/8
  2303 | D:4      | Noticed an ogre
  2314 | D:4      | Killed an ogre
  2314 | D:4      | Reached skill level 5 in Short Blades
  2350 | D:4      | Found Moem's Weapon Emporium.
  2417 | D:4      | Found Diroagg's Assorted Antiques.
  2420 | D:4      | Noticed Menkaure
  2421 | D:4      | Noticed Blork the orc
  2431 | D:4      | Killed Blork the orc
  2431 | D:4      | Reached XP level 7. HP: 37/41 MP: 10/10
  2440 | D:4      | Killed Menkaure
  2553 | D:4      | Found Mualoc's Jewellery Emporium.
  2765 | D:4      | Reached skill level 5 in Dodging
  2848 | D:4      | Got a fine ring mail
  3062 | D:4      | Identified the cursed +0 ring mail "Oggeiv" {Dex+4} (You
                  | found it on level 4 of the Dungeon)
  3087 | D:4      | Found Lafebass's Antique Armour Emporium.
  3450 | D:5      | Entered Level 5 of the Dungeon
  3467 | D:5      | Noticed Ijyb
  3479 | D:5      | Killed Ijyb
  3479 | D:5      | Noticed Pikel
  3513 | D:5      | Reached XP level 8. HP: 42/48 MP: 10/12
  3523 | D:5      | Paralysed by Pikel for 3 turns
  3553 | D:5      | Killed Pikel
  3629 | D:5      | Reached skill level 5 in Stealth
  3982 | D:5      | Reached XP level 9. HP: 48/52 MP: 14/14
  4295 | D:5      | Reached skill level 5 in Fighting
  4321 | D:6      | Found a sacrificial altar of Ru.
  4525 | D:6      | Reached skill level 5 in Armour
  5089 | D:6      | Found a staircase to the Ecumenical Temple.
  5424 | Temple   | Entered the Ecumenical Temple
  5861 | D:7      | Found a flagged portal.
  6010 | Bailey   | Entered a bailey
  6260 | Bailey   | Reached XP level 10. HP: 60/60 MP: 16/16
  6603 | Bailey   | Reached skill level 5 in Spellcasting
  7239 | D:7      | HP: 3/91 [killer bee (6)]
  7348 | D:7      | Found a snail-covered altar of Cheibriados.
  7427 | D:7      | Found an opulent altar of Gozag.
  7437 | D:7      | Found a shattered altar of Ashenzari.
  7445 | D:7      | Became a worshipper of Ashenzari the Shackled
  8128 | D:8      | Noticed a two-headed ogre
  8149 | D:8      | Killed a two-headed ogre
  8149 | D:8      | Reached skill level 1 in Evocations
  8149 | D:8      | Reached XP level 11. HP: 66/66 MP: 18/18
  8331 | D:8      | Found a glowing silver altar of Zin.
  8332 | D:8      | Found a hazy altar of Hepliaklqana.
  8410 | D:8      | Found a deep blue altar of Sif Muna.
  8736 | D:8      | Noticed a wolf spider
  8752 | D:8      | Found an ancient bone altar of Kikubaaqudgha.
  8752 | D:8      | Noticed a cyclops
  8771 | D:8      | Killed a cyclops
  8905 | D:9      | Noticed Joseph
  9058 | D:9      | Killed Joseph
  9349 | D:9      | Noticed Erolcha
  9352 | D:9      | Noticed Psyche
  9383 | D:9      | Killed Erolcha
  9671 | D:4      | Bought a translucent ring mail for 288 gold pieces
  9671 | D:4      | Identified the cursed +1 ring mail "Xahics" {rCorr} (You
                  | bought it in a shop on level 4 of the Dungeon)
  9693 | D:4      | Bought a pair of embroidered boots for 195 gold pieces
  9693 | D:4      | Bought a scroll labeled MEWAYBR EBAPA for 26 gold pieces
  9755 | D:6      | Identified a +1 pair of boots of running (You bought it in
                  | a shop on level 4 of the Dungeon)
  9821 | D:9      | Killed Psyche
 10067 | D:9      | Reached * piety under Ashenzari
 10135 | D:9      | Found a staircase to the Lair.
 10390 | D:10     | Entered Level 10 of the Dungeon
 11164 | D:11     | Noticed a cyclops
 11168 | D:11     | Killed a cyclops
 11174 | D:11     | Noticed a cyclops
 11176 | D:11     | Noticed a wolf spider
 11179 | D:11     | Noticed a cyclops
 11202 | D:11     | Killed a cyclops
 11203 | D:11     | Killed a wolf spider
 11212 | D:11     | Killed a cyclops
 11212 | D:11     | Reached XP level 12. HP: 8/73 MP: 3/21
 11568 | D:8      | Found a shimmering altar of Xom.
 11572 | D:8      | Noticed a skeletal warrior
 11815 | D:11     | Noticed Grum
 11820 | D:11     | Killed Grum
 11830 | D:11     | Noticed a centaur warrior
 11859 | D:11     | Killed a centaur warrior
 11859 | D:11     | Reached skill level 10 in Short Blades
 12114 | Lair:1   | Entered Level 1 of the Lair of Beasts
 12349 | D:9      | Reached skill level 10 in Stealth
 12481 | Lair:1   | Reached skill level 5 in Evocations
 13181 | Lair:1   | Reached ** piety under Ashenzari
 13769 | Lair:2   | Found a hole to the Spider Nest.
 13836 | Lair:2   | Found a large runed translucent door.
 13837 | Lair:2   | Found a large runed translucent door.
 13840 | Lair:2   | Noticed Viakk's ghost (journeyman DENe)
 13912 | Lair:2   | Reached skill level 10 in Dodging
 14246 | Lair:1   | Reached XP level 13. HP: 28/80 MP: 8/22
 14378 | D:11     | Found a large runed translucent door.
 14378 | D:11     | Found a large runed translucent door.
 14392 | D:11     | Found a staircase to the Orcish Mines.
 14894 | D:11     | Found a portal to a secret trove of treasure.
 15009 | D:11     | Found a shattered altar of Ashenzari.
 15009 | D:11     | Noticed a storm dragon
 15029 | D:11     | Killed a storm dragon
 15049 | D:11     | Found a stormy altar of Qazlal.
 15523 | D:12     | Reached skill level 10 in Armour
 16019 | D:12     | Identified the +1 ring mail of Atheism {rF+}
 16647 | D:13     | Noticed a centaur warrior
 16699 | D:13     | Killed a centaur warrior
 16946 | D:13     | Reached *** piety under Ashenzari
 17102 | D:13     | Noticed a five-headed hydra
 17112 | D:13     | Killed a five-headed hydra
 17347 | D:14     | Noticed a centaur warrior
 17359 | D:14     | Noticed a centaur warrior
 17424 | D:13     | Reached skill level 10 in Fighting
 17456 | D:13     | Noticed a centaur warrior
 17463 | D:13     | HP: 4/82 [red ugly thing (17)]
 17465 | D:13     | Gained mutation: Armour fits poorly on your strangely
                  | shaped body. [potion of mutation]
 17465 | D:13     | Gained mutation: Your muscles are strong. (Str +2) [potion
                  | of mutation]
 17465 | D:13     | Gained mutation: You evolve. [potion of mutation]
 17530 | D:13     | Gained mutation: You have sharp toenails. [evolution]
 17562 | D:14     | Found Lenwa Doile's Book Shoppe.
 17570 | D:14     | Bought a book of Misfortune for 280 gold pieces
 17572 | D:14     | Learned a level 1 spell: Confusing Touch
 17576 | D:14     | Learned a level 3 spell: Confuse
 17691 | D:14     | Reached skill level 1 in Hexes
 17737 | D:14     | Noticed Roxanne
 17771 | D:14     | Reached XP level 14. HP: 44/88 MP: 11/23
 18366 | D:14     | HP: 3/88 [deep elf knight/stone arrow (22)]
 18506 | D:14     | Found a gate to the Vaults.
 19166 | D:14     | Killed Roxanne
 19291 | D:15     | Entered Level 15 of the Dungeon
 20427 | Lair:2   | Killed from afar by an oklob plant

Levels and vault maps discovered:
D:1:      mainiacjoe_arrival_reflecting_pool, layout_loops_cross
D:2:      layout_loops_cross
D:3:      layout_rooms, chequers_ecumenical_altar_simple, trog_hazing_becter
D:4:      layout_layer_cave, serial_shops, kennysheep_mini_moat,
          nicolae_shop_behind_doors, shop,
          nicolae_shop_temple_entry_statues_fountains, first_ration,
          minmay_misc_feat_rows, uniq_menkaure, uniq_blork_the_orc
D:5:      kennysheep_spiral_hall, layout_loops_ring, serial_park_tiny_2,
          chequers_serial_rivers_micro_b, uniq_ijyb, uniq_pikel
D:6:      layout_basic, nicolae_ru_path_of_blood, minmay_temple_entry_poolview,
          small_statue_intersection
D:7:      layout_basic, slow_altar_1, ashenzari_altar_1, enter_bailey_2,
          basic_altar, the_bakery, kennysheep_generic_room_15
D:8:      layout_basic, kennysheep_mini, gammafunk_temple_overflow_statue,
          jmf_multi_god_temple
D:9:      layout_basic, david_lair_shrubbed, hangedman_weighted_door,
          uniq_psyche, uniq_joseph, uniq_erolcha
D:10:     layout_roguey
D:11:     layout_roguey, david_orc_3, nicolae_trove_entry_crystal,
          jmf_multi_god_temple2, uniq_grum
D:12:     layout_cave_pools
D:13:     layout_stronghold
D:14:     layout_long_grid, david_vaults_5, roderic_roman_lattice, serial_shops,
          shop, uniq_roxanne
D:15:     gammafunk_depths_entry_grave, layout_layer_cave, minivault_27,
          nooodl_orcs_dogs
Temple:   eino_temple_scatter_basement
Lair:1:   layout_gridlike, lemuel_old_faithful
Lair:2:   layout_gridlike, spider_nest_entry_a, ebering_ghost_disaster_area,
          minmay_lair_oklob_bushes, beast_lair_carwin_4
Bailey:   bailey_polearm_flooded_kennysheep, bailey

Skill      XL: |  1  2  3  4  5  6  7  8  9 10 11 12 13 14 |
---------------+-------------------------------------------+-----
Stealth        | 1 2 3 4 5 6 8 9 10 | 10.0
Armour         | 1 2 3 4 5 7 8 9 10 11 | 11.5
Dodging        | 4 5 6 8 9 10 11 12 | 12.0
Spellcasting   | 1 2 3 4 5 6 |  6.3
Fighting       | 3 4 5 6 7 8 10 | 10.7
Short Blades   | 5 6 7 8 9 10 12 | 12.9
Evocations     | 1 4 6 |  6.1
Hexes          | 1 4 |  4.0
Throwing       | |  2.1

Action                   |  1- 3 |  4- 6 |  7- 9 | 10-12 | 13-15 || total
-------------------------+-------+-------+-------+-------+-------++-------
Melee: Rapier            |   139 |    46 |       |       |       ||   185
       Short sword       |       |    95 |   587 |  1499 |  1399 ||  3580
Throw: Throwing net      |       |     3 |     2 |       |       ||     5
 Cast: Confusing Touch   |       |       |       |       |    40 ||    40
Evoke: Wand              |       |       |     4 |    32 |     8 ||    44
  Use: Potion            |       |     2 |    11 |    14 |     4 ||    31
       Scroll            |       |       |    11 |    11 |     2 ||    24
 Stab: Sleeping          |     5 |     2 |     9 |    29 |     8 ||    53
       Distracted        |     2 |       |     1 |     3 |     3 ||     9
       Held in net/web   |       |     1 |       |       |       ||     1
       Invisible         |       |       |     5 |       |     6 ||    11
       Paralysed         |       |       |       |     5 |     3 ||     8
       Confused          |       |       |       |       |    51 ||    51
  Eat: Chunk             |     9 |     5 |    12 |    26 |    20 ||    72
Armor: Leather armour    |    47 |    18 |     9 |       |       ||    74
       Skin              |       |     5 |       |    37 |       ||    42
       Ring mail         |       |       |   112 |   213 |   186 ||   511
Dodge: Dodged            |   140 |   108 |   497 |  1221 |   997 ||  2963

Table legend:
 A = Non-vault XP
 B = Vault XP
 C = Vault XP percentage of total XP
 D = Non-vault monster count
 E = Vault monster count
 F = Vault count percentage of total count
                 A         B        C        D         E       F
            +---------+---------+-------+---------+---------+-------
      Total |   45820 |   16466 |  26.4 |     436 |      90 |  17.1
            +---------+---------+-------+---------+---------+-------
        D:1 |      20 |       0 |   0.0 |      10 |       0 |   0.0
        D:2 |      46 |       0 |   0.0 |      30 |       0 |   0.0
        D:3 |     105 |      11 |   9.5 |      17 |       6 |  26.1
        D:4 |     482 |     256 |  34.7 |      25 |       2 |   7.4
        D:5 |     640 |     851 |  57.1 |      25 |       6 |  19.4
        D:6 |     516 |       0 |   0.0 |      24 |       0 |   0.0
        D:7 |    1799 |     396 |  18.0 |      37 |       4 |   9.8
        D:8 |    1939 |     565 |  22.6 |      18 |       1 |   5.3
        D:9 |    1888 |    2343 |  55.4 |      18 |       9 |  33.3
       D:10 |    1141 |       0 |   0.0 |      22 |       0 |   0.0
       D:11 |    4665 |    4853 |  51.0 |      31 |      17 |  35.4
       D:12 |    5475 |       0 |   0.0 |      49 |       0 |   0.0
       D:13 |    6086 |       0 |   0.0 |      39 |       0 |   0.0
       D:14 |   13793 |    3807 |  21.6 |      55 |       4 |   6.8
       D:15 |    1371 |       0 |   0.0 |       6 |       0 |   0.0
     Lair:1 |    3749 |     377 |   9.1 |      17 |       1 |   5.6
     Lair:2 |    2105 |    1201 |  36.3 |      13 |       7 |  35.0
     Bailey |       0 |    1806 | 100.0 |       0 |      33 | 100.0
            +---------+---------+-------+---------+---------+-------
